[ AOE2 MATCH · #482128564 ]
1v1 RMJapanese vs Britons
Player's team · WIN
Rival team · LOSS
[ REPLAY ANALYSIS · EXTRACTED FROM THE RECORDED GAME ]
Feudal
8:55
Castle
—
Imperial
—
| APM avg | 44.0 |
| APM peak | 76 |
| eAPM avg | 16.4 |
| Villagers / military | 25 / 5 |
Focus
⚔️ 31.9% · 🌾 68.1%
Militia ×3 · Archer ×2
Feudal
9:05
Castle
—
Imperial
—
| APM avg | 55.2 |
| APM peak | 87 |
| eAPM avg | 14.5 |
| Villagers / military | 35 / 1 |
Focus
⚔️ 17.3% · 🌾 82.7%
Spearman ×1
Match map
Initial resources + every placement click. Lines = walls · curves = elevation contours. ◆ gold · ⬟ stone · ● berries · ✦ relic · ◌ wall gap
Your base
bilalkezer's base
Smoothed initial terrain · ◌ = detected wall gap · hover for details
Inputs per minute
— kimura.ker - - bilalkezer
Build order — kimura.ker
47 actions detected in the replay
| 0:01 | Create | Villager (Male) |
| 0:01 | Create | Villager (Male) |
| 0:01 | Create | Villager (Male) |
| 0:02 | Build | House |
| 0:03 | Build | House |
| 0:13 | Create | Villager (Male) |
| 0:13 | Create | Villager (Male) |
| 1:23 | Create | Villager (Male) |
| 1:24 | Create | Villager (Male) |
| 1:58 | Create | Villager (Male) |
| 2:12 | Create | Villager (Male) |
| 2:12 | Create | Villager (Male) |
| 2:51 | Create | Villager (Male) |
| 3:04 | Create | Villager (Male) |
| 3:17 | Create | Villager (Male) |
| 3:17 | Create | Villager (Male) |
| 3:51 | Build | House |
| 3:52 | Build | House |
| 4:00 | Create | Villager (Male) |
| 4:40 | Create | Villager (Male) |
| 4:40 | Create | Villager (Male) |
| 4:41 | Create | Villager (Male) |
| 4:41 | Create | Villager (Male) |
| 5:13 | Build | Lumber Camp |
| 6:01 | Build | Mining Camp |
| 6:05 | Research | Loom |
| 6:39 | Research | Feudal Age |
| 6:59 | Build | Barracks |
| 7:58 | Create | Militia |
| 7:58 | Create | Militia |
| 7:58 | Create | Militia |
| 8:10 | Build | House |
| 8:55 | Age | Feudal Age |
| 8:57 | Build | Archery Range |
| 9:01 | Create | Villager (Male) |
| 9:06 | Research | Man-at-Arms (upgrade) |
| 9:21 | Create | Villager (Male) |
| 9:31 | Build | Mill |
| 9:33 | Create | Villager (Male) |
| 9:44 | Create | Archer |
| 9:44 | Create | Archer |
| 9:53 | Create | Villager (Male) |
| 9:59 | Build | House |
| 10:04 | Build | House |
| 10:23 | Build | Watch Tower |
| 10:25 | Create | Villager (Male) |
| 10:51 | Create | Villager (Male) |
Build order — bilalkezer
56 actions detected in the replay
| 0:00 | Create | Villager (Male) |
| 0:01 | Create | Villager (Male) |
| 0:01 | Create | Villager (Male) |
| 0:01 | Create | Villager (Male) |
| 0:04 | Build | House |
| 0:05 | Build | House |
| 1:18 | Create | Villager (Male) |
| 1:44 | Build | Lumber Camp |
| 2:09 | Create | Villager (Male) |
| 2:11 | Create | Villager (Male) |
| 2:11 | Create | Villager (Male) |
| 2:36 | Create | Villager (Male) |
| 3:23 | Create | Villager (Male) |
| 3:28 | Create | Villager (Male) |
| 3:28 | Create | Villager (Male) |
| 3:37 | Build | House |
| 4:05 | Create | Villager (Male) |
| 4:06 | Create | Villager (Male) |
| 4:33 | Create | Villager (Male) |
| 4:42 | Create | Villager (Male) |
| 4:46 | Create | Villager (Male) |
| 5:37 | Build | Mill |
| 5:59 | Create | Villager (Male) |
| 6:02 | Create | Villager (Male) |
| 6:12 | Build | House |
| 6:14 | Build | House |
| 6:20 | Create | Villager (Male) |
| 6:32 | Create | Villager (Male) |
| 6:36 | Create | Villager (Male) |
| 6:43 | Build | Lumber Camp |
| 6:50 | Research | Loom |
| 6:54 | Research | Feudal Age |
| 8:04 | Build | House |
| 8:06 | Build | House |
| 8:16 | Create | Villager (Male) |
| 8:17 | Create | Villager (Male) |
| 8:19 | Create | Villager (Male) |
| 8:23 | Create | Villager (Male) |
| 8:37 | Build | Barracks |
| 9:05 | Build | House |
| 9:05 | Age | Feudal Age |
| 9:07 | Build | Palisade Wall |
| 9:10 | Build | House |
| 9:11 | Create | Villager (Male) |
| 9:35 | Build | Mining Camp |
| 9:42 | Build | Mining Camp |
| 9:43 | Create | Villager (Male) |
| 9:50 | Create | Villager (Male) |
| 10:00 | Create | Villager (Male) |
| 10:05 | Create | Spearman |
| 10:06 | Create | Villager (Male) |
| 10:15 | Create | Villager (Male) |
| 10:19 | Research | Loom |
| 10:19 | Create | Villager (Male) |
| 10:39 | Create | Villager (Male) |
| 10:42 | Create | Villager (Male) |
Match timeline
| 6:59 | kimura.ker · first_building Barracks |
| 8:37 | bilalkezer · first_building Barracks |
| 8:55 | kimura.ker · age_up feudal |
| 8:57 | kimura.ker · first_building Archery Range |
| 9:05 | bilalkezer · age_up feudal |
| 9:07 | bilalkezer · wall_segment Palisade Wall x5 |
| 10:51 | bilalkezer · resign |
[ AI ANALYSIS · 1 CREDIT ]
What really happened in this match?
Wolo.gg analyzes every decision: build order, eco, micro, common mistakes by bracket. Personalized analysis on WhatsApp or Discord in 30 seconds.
Civ guide
Japanese
Map guide
Gold Rush
Perfil
kimura.ker